 Dungeon Crawl Stone Soup version 0.25-a0-410-g53dbb631d1 (webtiles) character file.

Game seed: 7422205455441584088, levelgen mode: deterministic

0 Napalmbreeze the Magician (level 1, 0/13 HPs)
             Began as a Gnoll Wanderer on Jan 12, 2020.
             Slain by a hobgoblin
             ... wielding a +0 club
              (3 damage)
             ... on level 1 of the Dungeon.
             The game lasted 00:00:14 (93 turns).

Napalmbreeze the Magician (Gnoll Wanderer)            Turns: 93, Time: 00:00:15

Health: 0/13       AC:  2    Str: 13    XL:     1   Next: 10%
Magic:  8/8        EV: 11    Int: 15    God:
Gold:   0          SH:  0    Dex: 14    Spells: 13/14 levels left

rFire    . . .     SeeInvis .   a - +0 dagger
rCold    . . .     Gourm    .   (no shield)
rNeg     . . .     Faith    .   c - +0 robe
rPois    .         Spirit   .   (no helmet)
rElec    .         Reflect  .   (no cloak)
rCorr    .         Harm     .   (no gloves)
MR       .....                  (no boots)
Stlth    +.........             (no amulet)
HPRegen  0.04/turn              (no ring)
MPRegen  0.11/turn              (no ring)

@: no status effects
A: distributed training, fangs 1, strong nose
a: no special abilities


You were on level 1 of the Dungeon.
You were not hungry.

You visited 1 branch of the dungeon, and saw 1 of its levels.

Inventory:

Hand Weapons
 a - a +0 dagger (weapon)
Armour
 c - a +0 robe (worn)
Potions
 b - a potion of curing
Comestibles
 f - a ration


   Skills:
 + Level 0.0 Fighting
 + Level 0.0 Short Blades
 + Level 0.0 Long Blades
 + Level 0.0 Axes
 + Level 0.0 Maces & Flails
 + Level 0.0 Polearms
 + Level 0.0 Staves
 + Level 0.0 Slings
 + Level 0.0 Bows
 + Level 0.0 Crossbows
 + Level 0.0 Throwing
 + Level 0.0 Armour
 + Level 0.0 Dodging
 + Level 0.0 Stealth
 + Level 4.4 Shields
 + Level 0.0 Unarmed Combat
 + Level 7.0 Spellcasting
 + Level 0.0 Conjurations
 + Level 0.0 Hexes
 + Level 3.6 Charms
 + Level 0.0 Summonings
 + Level 1.9 Necromancy
 + Level 0.0 Translocations
 + Level 3.6 Transmutations
 + Level 0.0 Fire Magic
 + Level 0.0 Ice Magic
 + Level 0.0 Air Magic
 + Level 0.0 Earth Magic
 + Level 0.0 Poison Magic
 + Level 0.0 Invocations
 + Level 0.0 Evocations


You had 13 spell levels left.
You knew the following spells:

 Your Spells              Type           Power        Failure   Level  Hunger
a - Infusion              Chrm           ###.         3%          1    None

Your spell library contained the following spells:

 Spells                   Type           Power        Failure   Level  Hunger
 Song of Slaying          Chrm           ###.....     4%          2    None
 Shroud of Golubria       Chrm/Tloc      ##....       10%         2    None
 Ozocubu's Armour         Chrm/Ice       ##......     19%         3    ##.....
 Spectral Weapon          Hex/Chrm       ##......     19%         3    ##.....


Dungeon Overview and Level Annotations

Branches:
Dungeon (1/15)

Altars:


Innate Abilities, Weirdness & Mutations

Your experience applies equally to all skills.
You have very sharp teeth.
Your uncanny sense of smell can sniff out nearby items.


Message History

You hit the hobgoblin.
The hobgoblin is severely wounded.
You hit the hobgoblin but do no damage.
The hobgoblin is severely wounded.
The hobgoblin hits you with a +0 club!
Ouch! That really hurt!
You are too injured to fight recklessly!
You are too injured to fight recklessly!
You are too injured to fight recklessly!
You hit the hobgoblin.
The hobgoblin is almost dead.
The hobgoblin barely misses you.
You hit the hobgoblin but do no damage.
The hobgoblin is almost dead.
The hobgoblin hits you with a +0 club.
* * * LOW HITPOINT WARNING * * *
You barely miss the hobgoblin.
The hobgoblin is almost dead.
The hobgoblin hits you with a +0 club.
You die...

#.##.## #.##..# .#
#.##..# # #.#
#.##..# .## #..#
#.##..# #.###.#.#
#.##..###..#.....
###...............#
#..................
#.#########@#####.#
#.# #g# #.# #.# #.#
#.. ∆ #.# ### #.#
#.# ∆ #.# #.#


You could see a hobgoblin.

Vanquished Creatures
  A frilled lizard (D:1)
1 creature vanquished.

Notes
Turn   | Place    | Note
-------+----------+-------------------------------------------
     0 | D:1      | Napalmbreeze the Gnoll Wanderer began the quest for the
                  | Orb.
     0 | D:1      | Napalmbreeze set off with the following items: a +0 dagger,
                  | a potion of curing, a +0 robe, a ration; and the following
                  | spell memorised: Infusion; and the following spells
                  | available to memorise: Song of Slaying, Shroud of Golubria,
                  | Ozocubu's Armour, Spectral Weapon
     0 | D:1      | Reached XP level 1. HP: 13/13 MP: 8/8
    93 | D:1      | Slain by a hobgoblin

Levels and vault maps discovered:
D:1:      minmay_arrival_nine_rooms, layout_loops_ring

Action                   || total
-------------------------++-------
Melee: Dagger            ||     6
Dodge: Dodged            ||     1

Table legend:
 A = Non-vault XP
 B = Vault XP
 C = Vault XP percentage of total XP
 D = Non-vault monster count
 E = Vault monster count
 F = Vault count percentage of total count
                 A         B        C        D         E       F
            +---------+---------+-------+---------+---------+-------
      Total |       1 |       0 |   0.0 |       1 |       0 |   0.0
            +---------+---------+-------+---------+---------+-------
        D:1 |       1 |       0 |   0.0 |       1 |       0 |   0.0
            +---------+---------+-------+---------+---------+-------
